 Dungeon Crawl Stone Soup version 0.25-a0-378-gd2ca0b7745 (webtiles) character file.

Game seed: 13828850480159848832, levelgen mode: deterministic

99 DerDa the Skirmisher (level 4, -2/41 HPs)
             Began as a Minotaur Berserker on Jan 7, 2020.
             Was a Believer of Trog.
             Slain by a kobold
             ... wielding a +2 whip of electrocution
              (19 damage)
             ... on level 2 of the Dungeon.
             The game lasted 00:02:25 (1109 turns).

DerDa the Skirmisher (Minotaur Berserker)           Turns: 1109, Time: 00:02:26

Health: -2/41      AC:  2    Str: 28    XL:     4   Next: 45%
Magic:  3/3        EV: 13    Int:  4    God:    Trog [**....]
Gold:   60         SH:  0    Dex:  9    Spells: 3/3 levels left

rFire    . . .     SeeInvis .   a - +0 falchion
rCold    . . .     Gourm    .   (no shield)
rNeg     . . .     Faith    .   b - +0 animal skin
rPois    .         Spirit   .   (helmet restricted)
rElec    .         Reflect  .   (no cloak)
rCorr    .         Harm     .   (no gloves)
MR       .....                  (no boots)
Stlth    +.........             (no amulet)
HPRegen  0.13/turn              p - +5 ring of strength
MPRegen  0.08/turn              (no ring)

@: lethally poisoned (-2 -> -4)
A: retaliatory headbutt, horns 2
a: Berserk, Trog's Hand, Renounce Religion


You were on level 2 of the Dungeon.
You worshipped Trog.
Trog was pleased with you.
You were not hungry.

You visited 1 branch of the dungeon, and saw 2 of its levels.

You collected 60 gold pieces.

Inventory:

Hand Weapons
 a - a +0 falchion (weapon)
Missiles
 f - 2 stones (quivered)
 l - 9 sling bullets
 m - 13 poisoned darts
 n - 16 bolts
Armour
 b - a +0 animal skin (worn)
Jewellery
 p - a +5 ring of strength (left hand)
Scrolls
 g - a scroll of random uselessness {unknown}
 h - a scroll of noise {unknown}
 i - 2 scrolls of identify {unknown}
 j - a scroll of remove curse {unknown}
 q - 2 scrolls of fear {unknown}
 r - a scroll of blinking {unknown}
 s - a scroll of teleportation {unknown}
Potions
 e - a potion of magic {unknown}
 k - 2 potions of flight {unknown}
 o - a potion of degeneration {unknown}
 t - a potion of heal wounds {unknown}
Comestibles
 c - 4 rations
 d - a chunk of flesh


   Skills:
 * Level 4.8 Fighting
 + Level 4.4 Long Blades
 + Level 3.1 Armour
 * Level 3.2 Dodging


You had 3 spell levels left.
You didn't know any spells.
Your spell library was empty.

Dungeon Overview and Level Annotations

Branches:
Dungeon (2/15)

Altars:


Innate Abilities, Weirdness & Mutations

You reflexively headbutt those who attack you in melee.
You have a pair of horns on your head.


Message History

A worm is nearby!
You feel sick.
You feel sick.
A kobold comes into view.
It is wielding a +2 whip of electrocution.
The kobold shouts!
A rat comes into view.
An adder comes into view.
The kobold moves out of view.
Found a stone staircase leading down.
You feel sick.
You barely miss the worm.
You feel sick.
The adder hisses angrily.
The worm closely misses you.
You riposte.
You slash the worm!
The worm is heavily wounded.
You feel sick.
Things that are here:
a chunk of flesh; an adder skeleton You feel sick.
The kobold hits you with a +2 whip of electrocution.
You are electrocuted!!
You die...

#.### ....... #....
....... ##### ..>.... #
....... #### # .....
####...<..# # ...
#.......#.# #
#.#######.##.#..#.# #
#wrSK@%.........#.# #
.......#######.###.8...###
.##.##. #.##...⌠....# ..
.. ####.....8...#.# . ...
#.....##....÷..## .##.
#[....##.#.....## #. ..
#......#.#.#..... . ..
#......#...#...##
#......#.......##


You could see a worm, an adder, a kobold and a rat.

Vanquished Creatures
  3 gnolls (D:2)
  3 adders (D:2)
  3 dart slugs
  3 giant cockroaches
  5 goblins
  3 hobgoblins
  4 jackals (D:1)
  2 kobolds (D:1)
  A ball python (D:2)
  7 bats
  2 frilled lizards (D:1)
  A rat (D:2)
37 creatures vanquished.

Notes
Turn   | Place    | Note
-------+----------+-------------------------------------------
     0 | D:1      | DerDa the Minotaur Berserker began the quest for the Orb.
     0 | D:1      | Reached XP level 1. HP: 19/19 MP: 0/0
   237 | D:1      | Reached XP level 2. HP: 27/27 MP: 1/1
   738 | D:2      | Reached XP level 3. HP: 33/33 MP: 2/2
   809 | D:2      | Reached ** piety under Trog
   809 | D:2      | Reached XP level 4. HP: 17/41 MP: 3/3
  1109 | D:2      | Slain by a kobold

Levels and vault maps discovered:
D:1:      dpeg_chamrin_arrival_tetris, layout_rooms, nrook_mini_backslash
D:2:      layout_loops_cross, st_stairs_4, fountainhead,
          hangedman_feature_mirror, tgw_trog

Skill      XL: |  1  2  3 |
---------------+----------+-----
Long Blades    | 4 |  4.4
Fighting       | 4 |  4.8
Armour         | 3 |  3.1
Dodging        | 3 |  3.2

Action                   |  1- 3 |  4- 6 || total
-------------------------+-------+-------++-------
Melee: Falchion          |    60 |    20 ||    80
       Headbutt          |     8 |     2 ||    10
Invok: Berserk           |     1 |       ||     1
  Eat: Chunk             |       |     2 ||     2
Armor: Animal skin       |    17 |     2 ||    19
Dodge: Dodged            |    47 |    16 ||    63
       Rpst.: Falchion   |    10 |     5 ||    15

Table legend:
 A = Non-vault XP
 B = Vault XP
 C = Vault XP percentage of total XP
 D = Non-vault monster count
 E = Vault monster count
 F = Vault count percentage of total count
                 A         B        C        D         E       F
            +---------+---------+-------+---------+---------+-------
      Total |     138 |       4 |   2.8 |      35 |       2 |   5.4
            +---------+---------+-------+---------+---------+-------
        D:1 |      39 |       0 |   0.0 |      21 |       0 |   0.0
        D:2 |      99 |       4 |   3.9 |      14 |       2 |  12.5
            +---------+---------+-------+---------+---------+-------
